 Dungeon Crawl Stone Soup version 0.30.0-17-ge0270778cf (webtiles) character file.

Game seed: 14620150807570454404

30903 Irreverend the Brawler (level 13, -4/131 HPs)
             Began as a Troll Fighter on May 21, 2023.
             Was a High Priest of Wu Jian.
             Slain by a 13-headed hydra (13 damage)
             ... on level 2 of the Lair of Beasts on May 22, 2023.
             The game lasted 00:39:24 (14743 turns).

Irreverend the Brawler (Troll Fighter)             Turns: 14743, Time: 00:39:24

Health: -4/131     AC:  6    Str: 33    XL:     13   Next: 23%
Magic:  0/12       EV: 10    Int:  8    God:    Wu Jian [*****.]
Gold:   959        SH: 17    Dex:  9    Spells: 12/12 levels left

rFire   + .          .
                       - Unarmed
rCold   . . .        O - +2 tower shield
rNeg    . . .        W - +2 robe {rF+}
rPois   .            Q - +0 hat
rElec   .            (no cloak)
rCorr   .            (gloves unavailable)
SInv    .            (boots unavailable)
Will    .....        F - amulet of guardian spirit
Stlth   +            d - +4 ring of slaying
HPRegen 1.21/turn    p - +6 ring of strength
MPRegen 0.13/turn

%: guardian spirit
@: exhausted
A: large, unfitting armour, claws 3, regeneration 1, shaggy fur 1, tough skin 1
a: Renounce Religion, Wall Jump, Serpent's Lash, Heavenly Storm


You were on level 2 of the Lair of Beasts.
You worshipped Wu Jian.
Wu Jian was extremely pleased with you.
You visited 3 branches of the dungeon, and saw 15 of its levels.
You also visited: Sewer and Ossuary.

You collected 1239 gold pieces.
You spent 280 gold pieces at shops.

Inventory:

Missiles
 J - 3 throwing nets (quivered)
Armour
 a - a +0 robe
 b - a +1 kite shield
 K - +0 steam dragon scales
 O - a +2 tower shield (worn)
 P - +0 acid dragon scales
 Q - a +0 hat (worn)
 W - a +2 robe of fire resistance (worn)
Jewellery
 c - a ring of wizardry
 d - a +4 ring of slaying (left claw)
 p - a +6 ring of strength (right claw)
 F - an amulet of guardian spirit (around neck)
 L - a ring of resist corrosion
 N - a +6 ring of intelligence
 X - a ring of positive energy
Wands
 i - a wand of light (8)
 v - a wand of flame (28)
 M - a wand of polymorph (5)
Scrolls
 e - 4 scrolls of enchant weapon
 h - 3 scrolls of enchant armour
 j - 10 scrolls of teleportation
 k - a scroll of fog {unknown}
 l - 2 scrolls of vulnerability {unknown}
 m - 2 scrolls of immolation
 n - 2 scrolls of noise {unknown}
 s - 4 scrolls of blinking
 t - 2 scrolls of torment {unknown}
 y - 2 scrolls of fear
 B - a scroll of magic mapping {unknown}
 D - a scroll of poison {unknown}
 E - a scroll of brand weapon {unknown}
 G - a scroll of acquirement {unknown}
 I - 7 scrolls of identify
 R - a scroll of amnesia {unknown}
 U - a scroll of silence {unknown}
Potions
 f - 5 potions of flight
 g - 14 potions of curing
 o - 5 potions of attraction
 q - 2 potions of heal wounds
 r - a potion of berserk rage {unknown}
 u - 6 potions of brilliance
 w - 2 potions of cancellation {unknown}
 x - 2 potions of resistance
 z - 2 potions of haste
 A - 3 potions of lignification {unknown}
 C - 2 potions of invisibility {unknown}
 H - 3 potions of ambrosia {unknown}
 S - a potion of might
 T - a potion of mutation {unknown}
 V - a potion of degeneration {unknown}


   Skills:
 + Level 9.4 Fighting
 + Level 7.7 Dodging
 + Level 10.2 Shields
 * Level 15.0 Unarmed Combat


You had 12 spell levels left.
You didn't know any spells.
Your spell library contained the following spells:

 Spells                   Type           Power      Damage    Failure   Level
 Apportation              Tloc           0%         N/A       73%         1
 Beastly Appendage        Tmut           0%         N/A       73%         1
 Magic Dart               Conj           0%         1d3       73%         1
 Shock                    Conj/Air       0%         1d3       73%         1
 Sting                    Tmut/Pois      0%         1d3       73%         1
 Call Imp                 Summ           0%         N/A       86%         2
 Poisonous Vapours        Pois/Air       0%         N/A       86%         2
 Sublimation of Blood     Necr           0%         N/A       86%         2
 Wereblood                Tmut           0%         N/A       86%         2
 Frozen Ramparts          Ice            0%         1d1       97%         3
 Hailstorm                Conj/Ice       0%         3d3       97%         3
 Mephitic Cloud           Conj/Pois/Air  0%         N/A       97%         3
 Animate Dead             Necr           0%         N/A       100%        4
 Ice Form                 Ice/Tmut       0%         N/A       100%        4
 Manifold Assault         Tloc           0%         N/A       100%        4
 Olgreb's Toxic Radiance  Pois           0%         N/A       100%        4
 Summon Ice Beast         Ice/Summ       0%         N/A       100%        4
 Borgnjor's Vile Clutch   Necr/Erth      0%         N/A       100%        5
 Summon Forest            Summ/Tloc      0%         N/A       100%        5
 Death Channel            Necr           0%         N/A       100%        6
 Dispersal                Tloc           0%         N/A       100%        6
 Eringya's Noxious Bog    Tmut/Pois      0%         N/A       100%        6
 Simulacrum               Ice/Necr       0%         N/A       100%        6
 Summon Hydra             Summ           0%         N/A       100%        7
 Disjunction              Tloc           0%         N/A       100%        8


Dungeon Overview and Level Annotations

Branches:
Dungeon (12/15)            Temple (1/1) D:4            Lair (2/5) D:11
    Orc (0/2) D:12          Sewer (visited)         Ossuary (visited)
  Swamp: Lair:2-3    Shoals: Lair:2-3     Snake: Lair:2-3    Spider: Lair:2-3

Altars:
Ashenzari
Cheibriados
Dithmenos
Elyvilon
Fedhas
Gozag
Hepliaklqana
Kikubaaqudgha
Makhleb
Nemelex Xobeh
Okawaru
Qazlal
Ru
Sif Muna
Trog
Uskayaw
Vehumet
Wu Jian
Yredelemnul
Zin
The Shining One

Shops:
D:3 (   D:6 !   D:9 **   D:11 *

Annotations:
D:7 1 transporter
Temple 2 transporters
Lair:1 exclusion: electric eel


Innate Abilities, Weirdness & Mutations

You are too large for most types of armour.
You have claws for hands.
Your natural rate of healing is unusually fast.
You are covered in fur. (AC +1)
You have tough skin. (AC +1)


Message History

The 12-headed hydra is heavily wounded.
You rip one of the 12-headed hydra's heads off!
The 11-headed hydra grows two more!
You claw the 13-headed hydra!
The 13-headed hydra is heavily wounded.
The 13-headed hydra bites you but does no damage.
The 13-headed hydra bites you! You block the 13-headed hydra's attack.
The 13-headed hydra closely misses you.
You block the 13-headed hydra's attack. x2
The 13-headed hydra bites you but does no damage.
The 13-headed hydra bites you! The 13-headed hydra bites you.
The 13-headed hydra bites you! x2; The 13-headed hydra bites you.
The 13-headed hydra bites you but does no damage.
You scratch the 13-headed hydra.
The 13-headed hydra is severely wounded.
You block the 13-headed hydra's attack.
The 13-headed hydra completely misses you.
The 13-headed hydra bites you! x2; You block the 13-headed hydra's attack.
The 13-headed hydra bites you.
* * * LOW HITPOINT WARNING * * *
The 13-headed hydra bites you.
* * * LOW HITPOINT WARNING * * *
The 13-headed hydra bites you but does no damage. x2
You block the 13-headed hydra's attack.
The 13-headed hydra barely misses you. x2
The 13-headed hydra bites you.
* * * LOW HITPOINT WARNING * * *
Aiming: Bolt of Light
Press: ? - help, Shift-Dir - straight line, f - 13-headed hydra
Aim: a 13-headed hydra (heavily wounded, 90% to hit)
The bolt of light hits the 13-headed hydra!
The 13-headed hydra is severely wounded.
The 13-headed hydra is blinded.
You block the 13-headed hydra's attack. x2
The 13-headed hydra bites you!
* * * LOW HITPOINT WARNING * * *
The 13-headed hydra bites you.
* * * LOW HITPOINT WARNING * * *
The 13-headed hydra closely misses you. The 13-headed hydra bites you.
* * * LOW HITPOINT WARNING * * *
The 13-headed hydra bites you!
* * * LOW HITPOINT WARNING * * *
The 13-headed hydra bites you!
You die...

#................##P....P##
##................####...P#
#P..............## #....#
##..............## ##..###
#P..............# #..##
##.............####..##
#####.............# #....#
#..P....#..###....# #..###
##.....#...# ##.@## #..#
#....#.##..# #.D# #.##
#....####..# #..## #.##
.#..## #..# ##..# #..###
.##.# ###.# ##.P##....#
..#.# #...# ..$##....###
### ...## #...#
...###.....(###.# 8...#
##...##########.†........#
....###..........#
#.....##.####


You could see a 13-headed hydra (blind).

Vanquished Creatures
  Josephine (D:11)
  Erolcha (D:9)
  2 two-headed ogres
  2 hydras (Lair:2)
  A catoblepas (D:12)
  2 boulder beetles
  Erica (Lair:1)
  Amaemon (D:7)
  A fire crab (D:11)
  Lodul (D:11)
  2 ugly things
  A manticore (D:11)
  4 cyclopes
  A black mamba (Lair:2)
  An orange demon (D:8)
  Maggie (D:9)
  5 cane toads
  An unseen horror (D:12)
  3 rime drakes
  6 komodo dragons
  2 kobold demonologists
  A polar bear (Lair:2)
  2 trolls
  Grinder (D:4)
  Prince Ribbit (D:7)
  4 dream sheep (Lair:2)
  6 wraiths (D:11)
  2 shadows
  23 yaks
  A wyvern (Lair:1)
  2 basilisks (D:12)
  2 steam dragons
  3 vampire mosquitoes (D:11)
  Menkaure (D:7)
  2 wargs (D:11)
  8 water moccasins
  3 orc warriors
  3 ice beasts
  4 centaurs
  9 ogres (D:11)
  2 phantoms
  3 kobold brigands
  12 bullfrogs
  A gnoll sergeant (D:9)
  13 scorpions
  5 earth elementals (D:12)
  3 wights (D:8)
  12 killer bees
  9 howler monkeys
  2 electric eels (Lair:1)
  3 centaur zombies (Ossuary)
  4 orc priests
  A gnoll bouda (D:8)
  A hound (D:5)
  2 human zombies (Ossuary)
  A jelly (D:5)
  Jessica (D:2)
  5 iguanas
  2 sleepcaps
  Ijyb (D:4)
  4 orc wizards
  4 scorpion zombies (Ossuary)
  A sickly merfolk siren (Sewer)
  A malarious merfolk avatar (Sewer)
  4 mummies
  19 gnolls
  14 adders
  6 white imps
  6 worms
  5 dart slugs
  34 orcs
  10 ball pythons
  7 endoplasms
  7 giant cockroaches
  3 gnoll zombies (Ossuary)
  9 goblins
  23 hobgoblins
  6 jackals (D:1)
  30 kobolds
  7 quokkas
  9 bats
  6 frilled lizards
  2 goblin zombies
  4 kobold zombies
  3 orc zombies (Ossuary)
  37 rats
  A spectral orc (D:4)
463 creatures vanquished.

Vanquished Creatures (collateral kills)
  A shadow (D:10)
  A steam dragon (D:10)
  3 killer bees (D:10)
5 creatures vanquished.

Grand Total: 468 creatures vanquished

Notes
Turn   | Place    | Note
-------+----------+-------------------------------------------
     0 | D:1      | Irreverend the Troll Fighter began the quest for the Orb.
     0 | D:1      | Reached XP level 1. HP: 22/22 MP: 0/0
   151 | D:1      | Reached XP level 2. HP: 29/29 MP: 1/1
   359 | D:1      | Reached XP level 3. HP: 36/36 MP: 2/2
   457 | D:1      | Reached skill level 3 in Unarmed Combat
   466 | D:1      | Found a faded altar of an unknown god.
  1092 | D:2      | Reached XP level 4. HP: 44/44 MP: 3/3
  1121 | D:2      | Found a shadowy altar of Dithmenos.
  1272 | D:2      | Noticed Jessica
  1283 | D:2      | Killed Jessica
  1308 | D:2      | You fall into a shaft and drop 1 floor!
  1345 | D:3      | Found a glowing silver altar of Zin.
  1346 | D:3      | Noticed an angel
  1418 | D:3      | Reached XP level 5. HP: 51/53 MP: 4/4
  1509 | D:3      | Reached skill level 4 in Unarmed Combat
  2010 | D:3      | Found Filin's Weapon Shoppe.
  2074 | D:3      | Found a broken altar of Ashenzari.
  2496 | D:4      | Found a sacrificial altar of Ru.
  2596 | D:4      | Reached XP level 6. HP: 38/61 MP: 5/5
  2732 | D:4      | Reached skill level 5 in Unarmed Combat
  2748 | D:4      | Noticed Grinder
  2776 | D:4      | Paralysed by Grinder for 3 turns
  2783 | D:4      | Killed Grinder
  2784 | D:4      | Reached XP level 7. HP: 42/70 MP: 6/6
  2832 | D:4      | Noticed Ijyb
  2841 | D:4      | Killed Ijyb
  2851 | D:4      | Found a glowing golden altar of the Shining One.
  2976 | D:4      | Found a shimmering blue altar of Sif Muna.
  3049 | D:4      | Found a staircase to the Ecumenical Temple.
  3316 | D:4      | Found a basalt altar of Yredelemnul.
  3358 | D:4      | Reached skill level 6 in Unarmed Combat
  3460 | Temple   | Entered the Ecumenical Temple
  3460 | Temple   | Found a transporter.
  3460 | Temple   | Found a transporter.
  3462 | Temple   | Found a transporter.
  3462 | Temple   | Found a transporter.
  3484 | Temple   | Became a worshipper of the Wu Jian Council
  3526 | D:5      | Entered Level 5 of the Dungeon
  3643 | D:5      | Found a sand-covered staircase.
  3649 | Ossuary  | Entered an ossuary
  3853 | Ossuary  | Reached skill level 5 in Shields
  3854 | Ossuary  | Reached XP level 8. HP: 74/79 MP: 7/7
  3970 | Ossuary  | Reached skill level 7 in Unarmed Combat
  4008 | Ossuary  | Reached * piety under Wu Jian
  4098 | Ossuary  | Reached skill level 5 in Fighting
  4178 | Ossuary  | Reached skill level 8 in Unarmed Combat
  4342 | D:5      | Reached XP level 9. HP: 66/88 MP: 8/8
  4458 | D:5      | Reached ** piety under Wu Jian
  4614 | D:5      | Reached skill level 9 in Unarmed Combat
  5045 | D:6      | Found a glowing drain.
  5059 | Sewer    | Entered a sewer
  5217 | Sewer    | Reached *** piety under Wu Jian
  5742 | D:6      | Found a burning altar of Makhleb.
  5880 | D:6      | Found Aceol Sefeixt's Distillery.
  6139 | D:7      | Found an opulent altar of Gozag.
  6139 | D:7      | Found a hide-covered altar of Uskayaw.
  6278 | D:7      | Found a sparkling altar of Nemelex Xobeh.
  6278 | D:7      | Found a transporter.
  6376 | D:7      | Noticed Prince Ribbit
  6377 | D:7      | Found a stormy altar of Qazlal.
  6387 | D:7      | Killed Prince Ribbit
  6390 | D:7      | Reached skill level 10 in Unarmed Combat
  6430 | D:7      | Noticed Menkaure
  6437 | D:7      | Killed Menkaure
  6966 | D:8      | Noticed an orange demon
  6967 | D:8      | Noticed Amaemon
  7229 | D:7      | Killed Amaemon
  7230 | D:7      | Reached XP level 10. HP: 50/100 MP: 9/9
  7290 | D:8      | Killed an orange demon
  7427 | D:8      | Found a snail-covered altar of Cheibriados.
  7428 | D:8      | Noticed a torpor snail
  7812 | D:8      | Found a blossoming altar of Fedhas.
  7869 | D:8      | Noticed a two-headed ogre
  7876 | D:8      | Killed a two-headed ogre
  8228 | D:8      | Reached skill level 11 in Unarmed Combat
  8395 | D:9      | Found Qolon's Assorted Antiques.
  8425 | D:9      | Noticed a two-headed ogre
  8427 | D:9      | Killed a two-headed ogre
  8671 | D:9      | Noticed Erolcha
  8695 | D:9      | Killed Erolcha
  8741 | D:9      | Found Maar's Mass Market.
  8746 | D:9      | Bought a +2 tower shield for 280 gold pieces
  8811 | D:9      | Identified the +2 hand axe of Dismemberment {spect, rC++
                  | Str+4}
  8932 | D:9      | Reached XP level 11. HP: 101/109 MP: 8/10
  8969 | D:9      | Noticed Maggie
  8985 | D:9      | Killed Maggie
  9051 | D:10     | Entered Level 10 of the Dungeon
  9062 | D:10     | Reached skill level 5 in Dodging
  9063 | D:10     | Noticed a white ugly thing
  9080 | D:10     | Killed a white ugly thing
  9086 | D:10     | Reached skill level 12 in Unarmed Combat
  9627 | D:11     | Found a radiant altar of Vehumet.
  9715 | D:11     | Noticed a fire crab
  9723 | D:11     | Killed a fire crab
  9922 | D:11     | Found Moexiesu's General Store.
 10085 | D:11     | Noticed a sun demon
 10102 | D:11     | Reached **** piety under Wu Jian
 10135 | D:11     | Found a staircase to the Lair.
 10697 | D:12     | Noticed Josephine
 10951 | D:11     | Reached skill level 13 in Unarmed Combat
 11022 | D:11     | Killed Josephine
 11034 | D:12     | Noticed Lodul
 11038 | D:11     | Reached XP level 12. HP: 61/120 MP: 5/11
 11263 | D:11     | Killed Lodul
 11431 | D:12     | Found a staircase to the Orcish Mines.
 11438 | D:12     | Noticed a boulder beetle
 11445 | D:12     | Killed a boulder beetle
 11655 | D:12     | Noticed a catoblepas
 11663 | D:12     | Killed a catoblepas
 12332 | Lair:1   | Entered Level 1 of the Lair of Beasts
 12479 | Lair:1   | Reached skill level 14 in Unarmed Combat
 12543 | Lair:1   | Reached ***** piety under Wu Jian
 13113 | Lair:1   | Noticed Erica
 13132 | Lair:1   | Killed Erica
 13799 | Lair:2   | Reached skill level 10 in Shields
 13864 | Lair:2   | Noticed a seven-headed hydra
 13870 | Lair:2   | Killed a nine-headed hydra
 13870 | Lair:2   | Reached XP level 13. HP: 96/131 MP: 8/12
 13964 | Lair:2   | Found a frozen archway.
 14283 | Lair:2   | Reached skill level 15 in Unarmed Combat
 14743 | Lair:2   | Slain by a 13-headed hydra

Illustrated notes

Levels and vault maps discovered:
D:1:      wander_arrival_estate, layout_basic,
          hellmonk_ecumenical_altar_pennies_from_heaven
D:2:      layout_loops_ring, basic_altar, uniq_jessica
D:3:      layout_basic, zin_angel, marbit_many_paths, serial_shops,
          nicolae_shop_behind_doors, minmay_pentangle
D:4:      corexii_shantytown, layout_basic, lemuel_tele_altar,
          yredelemnul_forgotten_temple_becter, nicolae_sif_muna_little_library,
          nicolae_ru_path_of_blood, minmay_temple_entry_fiery, uniq_ijyb,
          uniq_grinder
D:5:      layout_rooms, nicolae_ossuary_entry_giza, serial_aquarium,
          aquarium_bridge_square [aquarium_subvault_bridge,
          aquarium_subvault_bridge, aquarium_subvault_window,
          aquarium_subvault_bridge], aquarium_window_2, aquarium_window_fake,
          aquarium_window_1, aquarium_view_2a, aquarium_view_2c,
          nicolae_elevator_lobby_asterisk
D:6:      layout_loops_ring, lightli_temple_of_fire,
          cheibrodos_sewer_entry_drain, serial_shops, kennysheep_mini,
          nicolae_kite_square_tiling_tiny
D:7:      layout_gridville, grunt_nemelex_the_gamble,
          nicolae_qazlal_scattered_showers, gammafunk_temple_overflow_wave,
          enter_bailey_4, uniq_prince_ribbit1, uniq_menkaure
D:8:      layout_loops_corners, cheibriados_altar_2, fedhas_altar_1,
          kennysheep_small_spiral, uniq_amaemon
D:9:      layout_cave_pools, minmay_shop_mass, minivault_23,
          nicolae_take_the_stairs, kennysheep_cross_room, uniq_erolcha,
          uniq_maggie
D:10:     layout_cross
D:11:     layout_layer_cave, minmay_lair_entry_lava, serial_shops, shop,
          minmay_misc_feat_enclosed, fiery_altar_vehumet
D:12:     layout_loops_ring, erik_orc_4, minmay_misc_feat_tower,
          hangedman_cracks_in_the_wall, uniq_lodul, uniq_josephine
Temple:   hellmonk_temple_divided_pantheon
Lair:1:   layout_cave_pods, dpeg_stationary_puzzle, grunt_megastairs_2,
          uniq_erica
Lair:2:   layout_layer_cave, portal_ice_cave_rime, st_stairs_8,
          hibernation_bobbens, grunt_megastairs_3, lemuel_fruit_tree

Skill      XL: |  1  2  3  4  5  6  7  8  9 10 11 12 13 |
---------------+----------------------------------------+-----
Shields        | 3 4 5 6 7 8 9 10 | 10.2
Unarmed Combat | 3 4 5 6 8 10 11 13 14 15 | 15.0
Fighting       | 3 4 5 6 7 8 9 |  9.4
Dodging        | 3 4 6 7 |  7.7

Action                     |  1- 3 |  4- 6 |  7- 9 | 10-12 | 13-15 || total
---------------------------+-------+-------+-------+-------+-------++-------
  Melee: Unarmed           |   122 |   198 |   375 |   608 |    77 ||  1380
 Invoke: Serpent's Lash    |       |       |     1 |    12 |     3 ||    16
Ability: Lunge             |       |       |    38 |    42 |     3 ||    83
         Whirlwind         |       |       |    23 |   237 |    21 ||   281
  Evoke: Wand              |       |       |     2 |     8 |     1 ||    11
    Use: Potion            |       |     1 |     1 |     2 |       ||     4
         Scroll            |       |       |    10 |     2 |       ||    12
   Stab: Distracted        |       |       |     1 |       |       ||     1
         Sleeping          |       |       |     1 |       |       ||     1
         Paralysed         |       |       |       |     1 |       ||     1
 Armour: Robe              |    37 |    53 |    50 |     6 |    11 ||   157
         Steam dragon scal |       |       |     4 |    69 |       ||    73
  Dodge: Dodged            |    38 |    51 |    85 |   129 |    17 ||   320
  Block: Kite shield       |    42 |    81 |   110 |    59 |       ||   292
         Tower shield      |       |       |       |   277 |    51 ||   328
